 Dungeon Crawl Stone Soup version 0.32-a0-540-g866d13106e (webtiles) character file.

Game seed: 620210382281553684

931 Dittersdorf the Shield-Bearer (level 8, -12/51 HPs)
             Began as a Gargoyle Fighter on Feb 28, 2024.
             Incinerated by a smoke demon (13 damage)
             ... with a pyre arrow
             ... on level 2 of the Abyss.
             The game lasted 00:04:27 (3311 turns).

Dittersdorf the Shield-Bearer (Gargoyle Fighter)    Turns: 3311, Time: 00:04:28

Health: -12/51     AC: 15    Str: 27    XL:     8   Next: 11%
Magic:  8/8        EV:  9    Int:  8    God:
Gold:   338        SH:  5    Dex: 15    Spells: 7/7 levels left

rFire   . . .        n - +7 trident "Edghyugi" {speed, rPois rC+ Str+4}
rCold   + . .        c - +0 buckler
rNeg    + . .        b - +0 scale mail
rPois   ∞            (no helmet)
rElec   +            g - +1 cloak
rCorr   .            (no gloves)
SInv    .            (no boots)
Will    .....        p - amulet of magic regeneration Stlth
                     h - +6 ring of dexterity
HPRegen 0.28/turn    (no ring)
MPRegen 0.51/turn

%: no passive effects
@: on fire, glowing
A: sickness immunity, AC +5, negative energy resistance 1, electricity
resistance, torment resistance 1, petrification resistance
a: no special abilities


You were on level 2 of the Abyss.
You visited 1 branch of the dungeon, and saw 5 of its levels.
You visited the Abyss 1 time.

You collected 338 gold pieces.

Inventory:

Hand Weapons
 a - a +0 flail
 n - the +7 trident "Edghyugi" (weapon) {speed, rPois rC+ Str+4}
   (You found it on level 2 of the Dungeon)

   Str+4:     It affects your strength (+4).
   rC+:       It protects you from cold.
   rPois:     It protects you from poison
Armour
 b - a +0 scale mail (worn)
 c - a +0 buckler (worn)
 g - a +1 cloak (worn)
Jewellery
 h - a +6 ring of dexterity (left hand)
 p - an amulet of magic regeneration (around neck)
Scrolls
 q - a scroll of enchant armour
Potions
 d - a potion of might
 f - 2 potions of curing {unknown}
 j - 2 potions of haste
 r - a potion of enlightenment


   Skills:
 + Level 5.9 Fighting
 - Level 2.6 Maces & Flails
 + Level 3.4 Polearms
 + Level 5.9 Armour
 + Level 6.0 Shields


You had 7 spell levels left.
You didn't know any spells.
Your spell library contained the following spells:

 Spells                   Type           Power      Damage    Failure   Level
 Foxfire                  Conj/Fire      0%         2x1d4     71%         1
 Jinxbite                 Hex            0%         N/A       85%         2
 Static Discharge         Conj/Air       0%         3-3/arc   85%         2
 Airstrike                Air            0%         2d(0-16)  100%        4
 Petrify                  Alch/Erth      0%         N/A       100%        4
 Summon Lightning Spire   Summ/Air       0%         N/A       100%        4
 Alistair's Intoxication  Alch           0%         N/A       100%        5
 Borgnjor's Vile Clutch   Necr/Erth      0%         N/A       100%        5
 Irradiate                Conj/Alch      0%         3d11      100%        5
 Yara's Violent Unravell  Hex/Alch       0%         3d3       100%        5
 Eringya's Noxious Bog    Alch           0%         4d6       100%        6
 Plasma Beam              Fire/Air       0%         2x1d10    100%        6
 Starburst                Conj/Fire      0%         6d3       100%        6
 Enfeeble                 Hex            0%         N/A       100%        7
 Sublimation of Blood     Necr           Unusable   N/A       N/A         2

Dungeon Overview and Level Annotations

Branches:
Dungeon (5/15)
 Temple: D:4-7

Altars:
Ashenzari
Hepliaklqana
Trog
Zin

Shops:
D:2 [?*

Annotations:
D:5 Eustachio


Innate Abilities, Weirdness & Mutations

You are immune to sickness and miasma.
Your stone body is resilient. (AC +5)
You are immune to poison.
You resist negative energy. (rN+)
You are resistant to electric shocks. (rElec)
You are resistant to unholy torment.
You are immune to petrification.


Message History

You are too injured to fight recklessly!
You are too injured to fight recklessly!
You are too injured to fight recklessly!
You are too injured to fight recklessly!
You are too injured to fight recklessly!
You are too injured to fight recklessly!
You are too injured to fight recklessly!
You are too injured to fight recklessly!
You are too injured to fight recklessly!
You are too injured to fight recklessly!
You are too injured to fight recklessly!
You are too injured to fight recklessly!
You are too injured to fight recklessly!
You are too injured to fight recklessly!
You hit the harpy skeleton.
The harpy skeleton is almost destroyed.
You block the harpy skeleton's attack.
The harpy skeleton claws you but does no damage.
You puncture the harpy skeleton!
You destroy the harpy skeleton!
The smoke demon gestures at you. The ball of steam hits you!
* * * LOW HITPOINT WARNING * * *
Your Shields skill increases to level 6!
You have reached level 8!
You feel stronger.
As you read the scroll labelled ZILOH FAL EPS, it dissolves into smoke.
It was a scroll of fog.
As you read the scroll labelled LIEXTU AMOTZ, it crumbles to dust.
It is a scroll of amnesia.
You feel forgetful for a moment. The smoke demon gestures at you.
Something smites you!
* * * LOW HITPOINT WARNING * * *
The smoke demon gestures at you. The pyre arrow hits you.
You are covered in intense liquid fire!
You shake off some of the fire as you move.
The liquid fire burns you!
You die...

#..§§ #§
#...§§§§##
## ..§§##
#..##.3#.#
#.3##.##
####...#.##
#.....#.#.#
#.###.##.###
#@### # ##.#
..# ..# .##
##


You could see a smoke demon.

Vanquished Creatures
  A harpy skeleton (Abyss:2)
  An ogre (D:4)
  A phantom (D:5)
  2 scorpions
  A howler monkey (D:4)
  2 bombardier beetles
  A hound (D:4)
  Jessica (D:3)
  2 iguanas
  An orc wizard (D:5)
  4 gnolls (D:3)
  14 adders
  2 dart slugs
  A ribbon worm (D:2)
  11 orcs
  7 endoplasms
  3 giant cockroaches
  4 goblins
  9 hobgoblins
  4 jackals (D:5)
  3 quokkas
  6 ball pythons
  2 bats
  2 frilled lizards (D:1)
  6 kobolds
  2 rats
93 creatures vanquished.

Notes
Turn   | Place    | Note
-------+----------+-------------------------------------------
     0 | D:1      | Dittersdorf the Gargoyle Fighter began the quest for the
                  | Orb.
     0 | D:1      | Reached XP level 1. HP: 14/14 MP: 1/1
   202 | D:1      | Reached XP level 2. HP: 19/19 MP: 2/2
   761 | D:2      | Found a bloodstained altar of Trog.
   836 | D:2      | Reached XP level 3. HP: 10/23 MP: 3/3
   934 | D:2      | Found Vewom's General Store.
   956 | D:2      | Found Idib's Magic Scroll Boutique.
  1066 | D:2      | Found Ughekk's Antique Armour Shoppe.
  1182 | D:2      | Identified the +7 trident "Edghyugi" {speed, rPois rC+
                  | Str+4}
  1361 | D:2      | Reached XP level 4. HP: 29/29 MP: 4/4
  1542 | D:3      | Reached skill level 4 in Shields
  1825 | D:3      | Reached skill level 1 in Polearms
  1825 | D:3      | Reached XP level 5. HP: 33/33 MP: 5/5
  1865 | D:3      | Reached XP level 6. HP: 39/39 MP: 6/6
  2043 | D:3      | Noticed Jessica
  2049 | D:3      | Killed Jessica
  2331 | D:4      | Reached skill level 5 in Armour
  2331 | D:4      | Reached skill level 5 in Shields
  2384 | D:4      | Identified the +5 hand axe "Erea" {speed, rF+ Dex+2}
  2390 | D:4      | Found a broken altar of Ashenzari.
  2390 | D:4      | Found a glowing silver altar of Zin.
  2412 | D:4      | Reached skill level 5 in Fighting
  2412 | D:4      | Reached XP level 7. HP: 44/44 MP: 7/7
  2682 | D:5      | Entered Level 5 of the Dungeon
  2897 | D:5      | Found a hazy altar of Hepliaklqana.
  3201 | D:5      | Noticed Eustachio
  3209 | Abyss:1  | Cast into level 1 of the Abyss (Eustachio)
  3224 | Abyss:1  | Noticed a chaos spawn
  3232 | Abyss:1  | Found a corrupted altar of Lugonu.
  3259 | Abyss:1  | Noticed a tentacled starspawn
  3289 | Abyss:2  | Noticed a smoke demon
  3293 | Abyss:2  | Reached skill level 6 in Shields
  3293 | Abyss:2  | Reached XP level 8. HP: 13/51 MP: 8/8
  3309 | Abyss:2  | HP: 1/51 [smoke demon/divine providence (17)]
  3311 | Abyss:2  | Incinerated by a smoke demon

Illustrated notes

Levels and vault maps discovered:
D:1:      tarquinn_simple_flora_water_a, layout_basic
D:2:      layout_loops_cross, basic_altar, serial_shops, shop, shop,
          nicolae_shop_tiny_glass, minmay_pentomino_q4
D:3:      layout_basic, grunt_decor_fettered, nicolae_half_adder, uniq_jessica
D:4:      layout_cave_pools, chequers_temple_overflow_statue_of_worship
D:5:      layout_layer_cave, mainiacjoe_overflow_paths, minivault_5,
          uniq_eustachio, uniq_prince_ribbit1
Abyss:2:  base: D:5, evilmike_abyss_exit_7, onia_ninara_dug_in_and_dangerous

Skill      XL: |  1  2  3  4  5  6  7 |
---------------+----------------------+-----
Armour         | 4 5 |  5.9
Shields        | 4 5 6 |  6.0
Fighting       | 4 5 |  5.9
Polearms       | 1 2 3 |  3.4
Maces & Flails | |  2.6

Action                     |  1- 3 |  4- 6 |  7- 9 || total
---------------------------+-------+-------+-------++-------
  Melee: Flail             |   139 |       |       ||   139
         Trident           |     6 |    85 |    85 ||   176
    Use: Scroll            |       |       |    11 ||    11
 Armour: Scale mail        |   136 |    26 |    44 ||   206
  Dodge: Dodged            |    85 |    16 |    16 ||   117
  Block: Buckler           |    43 |    12 |     8 ||    63

Table legend: (Time is in decaauts)
 A = Elapsed time spent in this place.
 B = Non-inter-level travel time spent in this place.
 C = Inter-level travel time spent in this place.
 D = Time resting spent in this place.
 E = Time spent auto-exploring this place.
 F = Levels seen in this place.
 G = Mean time per level.
                   A        B        C        D        E       F      G
               +--------+--------+--------+--------+--------+-----+--------+
         Total |   3321 |   3194 |    127 |     84 |   2357 |   7 |  474.4 |
       Dungeon |   3221 |   3094 |    127 |     84 |   2357 |   5 |  644.2 |
         Abyss |    100 |    100 |      0 |      0 |      0 |   2 |   50.0 |
               +--------+--------+--------+--------+--------+-----+--------+

Top non-repeatable levels by time:
     D:2: 802 daAuts
     D:1: 702 daAuts
     D:3: 683 daAuts
     D:4: 533 daAuts
     D:5: 498 daAuts
 Abyss:1: 50 daAuts
 Abyss:2: 49 daAuts
